 Dungeon Crawl Stone Soup version 0.30.0-13-g156ef70053 (webtiles) character file.

Game seed: 9327692016925837858

11 browni3141 the Firebug (level 2, 19/19 HPs)
             Began as a Demonspawn Fire Elementalist on May 17, 2023.
             Got out of the dungeon alive.
             The game lasted 00:00:31 (855 turns).

browni3141 the Firebug (DsFE)                        Turns: 855, Time: 00:00:32

Health: 19/19      AC:  2    Str:  8    XL:     2   Next: 13%
Magic:  5/5        EV: 12    Int: 16    God:
Gold:   32         SH:  0    Dex: 13    Spells: 4/5 levels left

rFire   . . .        n - +0 dagger
rCold   . . .        (no shield)
rNeg    . . .        a - +0 robe
rPois   .            (no helmet)
rElec   .            (no cloak)
rCorr   .            (no gloves)
SInv    .            (no boots)
Will    .....        (no amulet)
Stlth   ++           (no ring)
HPRegen 0.23/turn    (no ring)
MPRegen 0.09/turn

%: no passive effects
@: no status effects
A: powered by pain 1
a: no special abilities


You escaped.
You visited 1 branch of the dungeon, and saw 1 of its levels.

You collected 32 gold pieces.

Inventory:

Hand Weapons
 n - a +0 dagger (weapon)
Armour
 a - a +0 robe (worn)
Scrolls
 o - a scroll of blinking {unknown}
 p - a scroll of teleportation {unknown}
Potions
 m - a potion of magic
 q - 2 potions of resistance {unknown}
 r - a potion of mutation {unknown}
 s - a potion of heal wounds {unknown}
 t - a potion of cancellation {unknown}
 u - a potion of curing {unknown}
 v - a potion of ambrosia {unknown}


   Skills:
 + Level 2.0 Dodging
 + Level 2.0 Stealth
 + Level 2.1 Spellcasting
 + Level 1.2 Conjurations
 + Level 2.8 Fire Magic


You had 4 spell levels left.
You knew the following spells:

 Your Spells              Type           Power      Damage    Failure   Level
z - Foxfire               Conj/Fire      32%        2x1d5     9%          1

Your spell library contained the following spells:

 Spells                   Type           Power      Damage    Failure   Level
 Scorch                   Fire           20%        2d5       10%         2
 Inner Flame              Hex/Fire       6%         N/A       34%         3
 Volatile Blastmotes      Fire/Tloc      12%        2d11      34%         3
 Flame Wave               Conj/Fire      8%         2d5       65%         4


Dungeon Overview and Level Annotations

Branches:
Dungeon (1/15)

Altars:

Shops:
D:1 :


Innate Abilities, Weirdness & Mutations

You sometimes gain a little power by taking damage.


Message History

s - an orange potion
t - a silvery potion A ball python comes into view.
A ball python is nearby!
A ball python is nearby!
You conjure some foxfire!
You conjure some foxfire!
You conjure some foxfire!
The foxfire hits the ball python.
You kill the ball python!
Your foxfire dissipates!
You are out of magic!
You are out of magic!
Your foxfire dissipates! x2
Your foxfire dissipates! x2
Search for what [? for help]? artif Can't find anything matching that.
You open the door.
There is an open door here.
Found a stone staircase leading down.
There is a stone staircase leading down here.
A rat comes into view.
A rat is nearby!
A rat is nearby!
A rat is nearby!
You miscast Foxfire.
You are very lightly contaminated with residual magic.
Nothing appears to happen.
You conjure some foxfire!
Your foxfire dissipates!
The foxfire hits the rat.
You kill the rat!
Your magical contamination has completely faded away.
A quokka comes into view.
A quokka is nearby!
A quokka is nearby!
A quokka is nearby!
You conjure some foxfire!
The foxfire hits the quokka.
The quokka is almost dead.
You conjure some foxfire!
The foxfire hits the quokka.
You kill the quokka!
You see here a quokka corpse.
u - a black potion A rat comes into view.
A rat is nearby!
A rat is nearby!
You conjure some foxfire!
There is not enough space to conjure foxfire!
The foxfire hits the rat.
You kill the rat!
Your Stealth skill increases to level 2!
You have reached level 2!
Your demonic ancestry asserts itself...
You feel energised by your suffering.
Your foxfire dissipates!
You see here a rat corpse.
v - an amethyst potion An endoplasm comes into view.
The endoplasm moves out of view.
An endoplasm is nearby!
An endoplasm is nearby!
An endoplasm is nearby!
The endoplasm closely misses you.
You conjure some foxfire!
The endoplasm closely misses you.
You miscast Foxfire.
You are very lightly contaminated with residual magic.
Nothing appears to happen.
The foxfire hits the endoplasm.
The endoplasm is severely wounded.
The foxfire hits the endoplasm.
You kill the endoplasm!
Your Dodging skill increases to level 2!
No target in view!
Your magical contamination has completely faded away.
You open the door.
A goblin comes into view. It is wielding a +0 dagger.
A goblin is nearby!
A goblin is nearby!
A goblin is nearby!
There is an open door here.
You conjure some foxfire!
The foxfire hits the goblin.
The goblin is moderately wounded.
The foxfire hits the goblin.
You kill the goblin!
You conjure some foxfire!
You conjure some foxfire!
Your foxfire dissipates! x3
You conjure some foxfire!
Your foxfire dissipates!
Your foxfire dissipates! x2
You open the door.
There is an open door here.
You see here a +0 whip.
You see here a rat skeleton.
You see here a quokka skeleton.
There is an open door here.
There is an escape hatch in the floor here.
There is a staircase leading out of the dungeon here.
Are you sure you want to leave the Dungeon?
This will make you lose the game!
You have escaped!

#.# ########## #.#
#........# ###.#
#.######.####...### #.#
##..........##########.~~
#.#
###....................#~.~
#.#
#.......⌠...⌠..#######)#...
#.# #.#.......>....# #.#..~
#.###.##......@....# #.#...
#..................#
##.#~..
#####.###.....∩....#
###≈#.#... #.#
#.........####..≈#.#~~~ #.#
####...^.####~..≈#.#..~
####.### ####+##
#....≈...... #......#
##...###....≈###...
#....#.# ##........#..≈#
#... #..#.#.#
##.......#####≈###...


There were no monsters in sight!

Vanquished Creatures
  A ball python (D:1)
  An endoplasm (D:1)
  2 goblins (D:1)
  2 quokkas (D:1)
  A kobold (D:1)
  3 rats (D:1)
10 creatures vanquished.

Vanquished Creatures (others)
  32 foxfires (D:1)
32 creatures vanquished.

Grand Total: 42 creatures vanquished

Notes
Turn   | Place    | Note
-------+----------+-------------------------------------------
     0 | D:1      | browni3141 the Demonspawn Fire Elementalist began the quest
                  | for the Orb.
     0 | D:1      | Reached XP level 1. HP: 13/13 MP: 3/3
    83 | D:1      | Found Fealeref's Book Shop.
   567 | D:1      | Gained mutation: You sometimes gain a little power by
                  | taking damage. [demonic ancestry]
   567 | D:1      | Reached XP level 2. HP: 19/19 MP: 3/5
   855 | D:$      | Got out of the dungeon alive.

Illustrated notes

Levels and vault maps discovered:
D:1:      wander_arrival_desolate, layout_loops_corners, serial_shops, shop,
          serial_rivers, chequers_serial_rivers_micro_e,
          chequers_serial_rivers_small_3, chequers_serial_rivers_small_a,
          chequers_serial_rivers_micro_c

Skill      XL: |  1  2 |
---------------+-------+-----
Stealth        | 2 |  2.0
Dodging        | 2 |  2.0
Spellcasting   | |  2.1
Conjurations   | |  1.2
Fire Magic     | |  2.8

Action                     || total
---------------------------++-------
  Melee: Dagger            ||     1
   Cast: Foxfire           ||    19
  Dodge: Dodged            ||     3
